 Dungeon Crawl Stone Soup version 0.27.1-34-g3ba077fa99 (webtiles) character file.

Game seed: 8461662037581029960

93709 squill the Cleaver (level 16, -20/139 HPs)
             Began as a Hill Orc Conjurer on Jan 8, 2022.
             Was an Initiate of Gozag.
             Demolished by Saint Roka (35 damage)
             ... on level 2 of the Orcish Mines.
             The game lasted 02:44:18 (36222 turns).

squill the Cleaver (Hill Orc Conjurer)             Turns: 36222, Time: 02:44:18

Health: -20/139    AC: 21    Str: 15    XL:     16   Next: 9%
Magic:  20/37      EV: 14    Int: 26    God:    Gozag
Gold:   2834       SH:  0    Dex: 17    Spells: 7/31 levels left

rFire    . . .     SeeInvis .   U - +3 executioner's axe (flame)
rCold    + + .     Faith    .   (shield currently unavailable)
rNeg     . . .     Spirit   .   G - +5 ring mail of Beauty {Drain +Blink rElec rC+}
rPois    .         Reflect  .   t - +2 helmet {Int+3}
rElec    +         Harm     .   B - +0 cloak
rCorr    .         Rampage  .   R - +0 pair of gloves {Dex+3}
Will     +....                  p - +2 pair of boots {Fly}
Stlth    +++.......             E - amulet of the acrobat
HPRegen  0.33/turn              L - ring "Toapaac" {Fly MP+9 Str+3 Dex+5}
MPRegen  0.25/turn              i - ring of protection from cold

@: mighty, flying
A: no striking features
a: Renounce Religion, Convert to Beogh, Evoke Blink, Potion Petition, Call
Merchant, Bribe Branch


You were on level 2 of the Orcish Mines.
You worshipped Gozag.
Gozag was most pleased with you.
You visited 3 branches of the dungeon, and saw 21 of its levels.
You also visited: Ossuary.

You collected 8422 gold pieces.
You spent 4416 gold pieces at shops.
You paid 1172 gold pieces to Gozag.

Inventory:

Hand Weapons
 T - the +10 great sword of the Realm of Zot {freeze, Fly rElec}
   (You took it off an orc on level 12 of the Dungeon)

   It freezes those it strikes, dealing additional cold damage.
   It can also slow down cold-blooded creatures.
   rElec:     It insulates you from electricity.
   Fly:       It grants you flight.
 U - a +3 executioner's axe of flaming (weapon)
Missiles
 s - 3 throwing nets
Armour
 p - a +2 pair of boots of flying (worn)
 t - a +2 helmet of intelligence (worn)
 u - the +7 ring mail of Hysteria {Harm Rampage rC+ Stlth+}
   (You bought it in a shop on level 2 of the Dungeon)

   rC:        It protects you from cold.
   Harm:      It increases damage dealt and taken.
   Rampage:   It bestows one free step when moving towards enemies.
   Stlth:     It makes you more stealthy.
 B - a +0 cloak (worn)
 G - the +5 ring mail of Beauty (worn) {Drain +Blink rElec rC+}
   (You bought it in a shop on level 4 of the Lair of Beasts)

   rC:        It protects you from cold.
   rElec:     It insulates you from electricity.
   +Blink:    It lets you blink.
   Drain:     It drains your maximum health when unequipped.
 N - the +0 cloak of Vodiozel {Rampage rC+ Stlth-}
   (You bought it in a shop on level 2 of the Orcish Mines)

   rC:        It protects you from cold.
   Rampage:   It bestows one free step when moving towards enemies.
   Stlth:     It makes you less stealthy.
 P - the +2 chain mail "Usawniorgh" {rF+ rC+ Int+3 Stlth+}
   (You bought it in a shop on level 12 of the Dungeon)

   Int:       It affects your intelligence (+3).
   rF:        It protects you from fire.
   rC:        It protects you from cold.
   Stlth:     It makes you more stealthy.
 R - a +0 pair of gloves of dexterity (worn)
Jewellery
 d - a ring of willpower
 e - the ring "Xucruw" {rC+ rCorr Str-5 Int+2 SInv}
   (You took it off an orc on level 12 of the Dungeon)

   [ring of resist corrosion]

   Str:       It affects your strength (-5).
   Int:       It affects your intelligence (+2).
   rC:        It protects you from cold.
   SInv:      It lets you see invisible.
   rCorr:     It protects you from acid and corrosion.
 i - a ring of protection from cold (right hand)
 o - a +6 ring of dexterity
 A - a ring of willpower
 E - an amulet of the acrobat (around neck)
 L - the ring "Toapaac" (left hand) {Fly MP+9 Str+3 Dex+5}
   (You acquired it on level 4 of the Lair of Beasts)

   [ring of flight]

   Str:       It affects your strength (+3).
   Dex:       It affects your dexterity (+5).
   MP:        It affects your magic capacity (+9).
   Fly:       It grants you flight.
 O - a ring of fire
 Q - a ring of ice
Wands
 j - a wand of iceblast (16)
 x - a wand of paralysis (23)
 C - a wand of flame (63)
 H - a wand of mindburst (15)
 I - a wand of polymorph (10)
 K - a wand of charming (9)
Scrolls
 a - 3 scrolls of amnesia
 c - 10 scrolls of teleportation
 f - 7 scrolls of fog
 g - a scroll of identify
 k - a scroll of vulnerability
 w - a scroll of blinking
 y - a scroll of brand weapon
 F - 4 scrolls of silence
 M - a scroll of holy word
Potions
 b - 2 potions of lignification
 h - 2 potions of brilliance
 l - 2 potions of attraction
 m - a potion of curing
 q - 5 potions of mutation
 r - a potion of magic
 v - a potion of resistance
 z - a potion of cancellation
 D - 5 potions of might
 J - 3 potions of flight


   Skills:
 + Level 12.1 Fighting
 * Level 13.9 Axes
 + Level 9.6 Armour
 - Level 7.1 Dodging
 - Level 6.0 Stealth
 + Level 8.2 Spellcasting
 + Level 11.1 Conjurations
 - Level 7.4 Hexes
 - Level 5.5 Translocations
 + Level 9.7 Fire Magic
 - Level 6.0 Evocations


You had 7 spell levels left.
You knew the following spells:

 Your Spells              Type           Power      Damage    Failure   Level
a - Magic Dart            Conj           100%       1d8       1%          1
b - Searing Ray           Conj           100%       3d7       1%          2
c - Dazzling Flash        Conj/Hex       100%       N/A       1%          3
d - Fulminant Prism       Conj/Hex       28%        3d14      1%          4
e - Sticky Flame          Conj/Fire      60%        2d8       1%          4
f - Iskenderun's Mystic   Conj/Tloc      52%        2d11      3%          4
g - Starburst             Conj/Fire      30%        6d9       21%         6

Your spell library contained the following spells:

 Spells                   Type           Power      Damage    Failure   Level
 Apportation              Tloc           78%        N/A       1%          1
 Corona                   Hex            54%        N/A       1%          1
 Slow                     Hex            49%        N/A       1%          2
 Confusing Touch          Hex            49%        N/A       1%          3
 Conjure Flame            Conj/Fire      60%        6-21      1%          3
 Mephitic Cloud           Conj/Pois/Air  29%        N/A       6%          3
 Ignite Poison            Fire/Tmut/Pois 27%        N/A       8%          3
 Animate Skeleton         Necr           20%        N/A       10%         1
 Beastly Appendage        Tmut           20%        N/A       10%         1
 Summon Small Mammal      Summ           40%        N/A       10%         1
 Passage of Golubria      Tloc           N/A        N/A       10%         4
 Passwall                 Tmut/Erth      8%         N/A       14%         2
 Sublimation of Blood     Necr           5%         N/A       14%         2
 Wereblood                Tmut           10%        N/A       14%         2
 Bolt of Magma            Conj/Fire/Erth 23%        4d11      16%         5
 Leda's Liquefaction      Hex/Erth       15%        N/A       21%         4
 Lightning Bolt           Conj/Air       19%        1d34      26%         5
 Spider Form              Tmut/Pois      5%         N/A       28%         3
 Swiftness                Air            10%        N/A       28%         3
 Vampiric Draining        Necr           5%         2d6       28%         3
 Metabolic Englaciation   Hex/Ice        15%        N/A       50%         5
 Silence                  Hex/Air        15%        N/A       50%         5
 Invisibility             Hex            24%        N/A       56%         6
 Airstrike                Air            5%         N/A       67%         4
 Animate Dead             Necr           5%         N/A       67%         4
 Petrify                  Tmut/Erth      10%        N/A       67%         4
 Summon Lightning Spire   Summ/Air       10%        N/A       67%         4
 Agony                    Necr           10%        N/A       95%         5
 Alistair's Intoxication  Tmut/Pois      6%         N/A       95%         5
 Borgnjor's Vile Clutch   Necr/Erth      5%         N/A       95%         5
 Death Channel            Necr           5%         N/A       100%        6
 Eringya's Noxious Bog    Tmut/Pois      5%         N/A       100%        6
 Shadow Creatures         Summ           N/A        N/A       100%        6
 Simulacrum               Ice/Necr       5%         N/A       100%        6
 Statue Form              Tmut/Erth      6%         N/A       100%        6
 Summon Hydra             Summ           5%         N/A       100%        7
 Lehudib's Crystal Spear  Conj/Erth      19%        10d6      100%        8


Dungeon Overview and Level Annotations

Branches:
Dungeon (13/15)            Temple (0/1) D:5            Lair (6/6) D:8
  Swamp (0/4) Lair:3       Spider (0/4) Lair:2        Slime (0/5) Lair:5
    Orc (2/2) D:9             Elf (0/3) Orc:2       Ossuary (visited)
 Vaults: D:13-14

Altars:
Ashenzari
Elyvilon
Fedhas
Gozag
Ru
Sif Muna
Uskayaw
Beogh

Shops:
D:2 [   D:4 *   D:6 :   D:12 *   Orc:1 (   Orc:2 ([(   Lair:4 [

Annotations:
Orc:2 Saint Roka


Message History

Saint Roka is severely wounded.
Saint Roka shouts, "Join the one true god or die!"
Saint Roka misses you.
The searing ray hits Saint Roka.
Saint Roka is severely wounded.
Saint Roka misses you.
The searing ray hits Saint Roka!
Saint Roka is severely wounded.
You finish channeling your searing ray.
Saint Roka invokes the aid of Beogh against you.
Beogh smites you!
* * * LOW HITPOINT WARNING * * *
You feel much better.
Saint Roka hits you with a +2 battleaxe of electrocution!!
* * * LOW HITPOINT WARNING * * *
Casting: Searing Ray (safe; 1% risk of failure)
Confirm with . or Enter, or press ? or * to list all spells.
You erupt in a blast of force!
The mystic blast hits Saint Roka!
Saint Roka is almost dead.
Saint Roka shouts, "Beogh is our master!
Accept the truth or die!"
Saint Roka is knocked back by the mystic blast.
Saint Roka slams into the stone wall!
Items here: ))) [[.
You feel better.
You feel better.
You barely miss Saint Roka.
Saint Roka is almost dead.
Saint Roka hits you with a +2 battleaxe of electrocution!!
* * * LOW HITPOINT WARNING * * *
Casting: Iskenderun's Mystic Blast (mildly dangerous; 3% risk of failure)
Confirm with . or Enter, or press ? or * to list all spells.
You erupt in a blast of force!
The mystic blast hits Saint Roka!
Saint Roka is almost dead.
Saint Roka is knocked back by the mystic blast.
Saint Roka slams into the stone wall!
You slash Saint Roka!
Saint Roka is almost dead.
Saint Roka hits you with a +2 battleaxe of electrocution!!
You die...
Your body crumbles into a pile of gold.

.....#..........####....####.#...
#...##.......).........## #.####
#####....).#########....## #..###
...........##....8.#.....####.##∩
...........#......∩#......###..##
...#.......#.....8 #......#.##...
...........#o..#####.........##..
...#.......#...#..[[..)......####
......#....#...#@8)#..........#
#..........##..o)..#..#......#
#..........#########........##
#...#......[....[..[...[....#####
#..##......................###.#.
#...##.....................##....
...####........[o................
...#.###.#.....<[...........>....
#.....####..................)....


You could see Saint Roka.

Vanquished Creatures
  Gastronok (Lair:2)
  The ghost of shadowrider38 the Brawler, a journeyman TrHu of Okawaru (Lair:4)
  The ghost of Ronioze the Cleaver, a journeyman MiBe of Trog (Lair:6)
  A fire dragon (D:12)
  Harold (D:8)
  8 hydras
  5 boulder beetles
  4 centaur warriors
  An alligator (Lair:6)
  9 two-headed ogres
  Urug (Lair:1)
  15 death yaks
  A skeletal warrior (D:12)
  A goliath frog (Lair:6)
  2 bog bodies (Lair:3)
  An orc knight (Orc:2)
  A cyclops (D:7)
  2 orc sorcerers
  A deep elf pyromancer (D:12)
  An ugly thing (D:7)
  3 manticores
  A wolf spider (D:12)
  6 oklob plants
  16 elephants
  The ghost of ticklebelly the Skirmisher, a novice MiBe of Trog (D:4)
  3 black mambas
  Maggie (Lair:2)
  24 cane toads
  An unseen horror (D:12)
  9 komodo dragons
  7 rime drakes
  A yaktaur (D:12)
  2 tengu conjurers
  A polar bear (Lair:6)
  A hornet (D:9)
  A wolf spider simulacrum (D:12)
  6 trolls
  Grinder (D:4)
  2 slime creatures (D:12)
  3 tyrant leeches (Lair:6)
  41 blink frogs
  A vampire (D:11)
  3 wyverns
  3 shadows
  2 wraiths
  Eustachio (D:4)
  42 yaks
  5 basilisks
  A steam dragon (D:9)
  8 vampire mosquitoes
  3 wargs (Orc:2)
  2 acid dragons (D:12)
  17 water moccasins
  2 hydra simulacra (Lair:4)
  Duvessa (D:6)
  A floating eye (D:8)
  26 orc warriors
  A sky beast (D:5)
  3 ice beasts
  2 black bears
  4 ogres
  14 centaurs
  A necrophage (D:5)
  12 wolves
  2 phantoms
  An elf zombie (Ossuary)
  3 kobold brigands
  15 bullfrogs
  2 cane toad simulacra (Lair:4)
  A scorpion (D:6)
  Dowan (D:6)
  A water moccasin zombie (D:4)
  A wyvern skeleton (D:7)
  2 elephant simulacra (Lair:4)
  A water moccasin skeleton (D:4)
  4 killer bees (D:9)
  A howler monkey (D:9)
  An electric eel (Lair:6)
  3 bullfrog zombies
  A komodo dragon simulacrum (Lair:4)
  A human zombie (Ossuary)
  7 centaur zombies
  4 hounds
  14 jellies
  18 orc priests
  3 centaur skeletons
  Jessica (D:3)
  Natasha (thrice) (D:4)
  An iguana (D:5)
  22 orc wizards
  A scorpion zombie (D:5)
  7 hell rats (Lair:4)
  2 killer bee zombies
  A hound zombie (Ossuary)
  4 mummies (Ossuary)
  A howler monkey zombie (D:10)
  8 gnolls
  4 adders
  An adder zombie (Ossuary)
  2 worms
  2 dart slugs (D:1)
  82 orcs
  11 ball pythons
  5 bats
  11 endoplasms
  2 gnoll zombies (Ossuary)
  3 goblins
  4 hobgoblins
  8 quokkas
  4 frilled lizards
  2 goblin zombies (Ossuary)
  A jackal zombie (Ossuary)
  18 kobolds
  2 kobold zombies (Ossuary)
  4 rats
  A rat zombie (Ossuary)
  3 bushes (D:8)
652 creatures vanquished.

Vanquished Creatures (others)
  A water moccasin (Lair:1)
  An orc (Orc:2)
  2 bushes (D:13)
  138 fulminant prisms
  33 fungi
  125 plants
300 creatures vanquished.

Grand Total: 952 creatures vanquished

Notes
Turn   | Place    | Note
-------+----------+-------------------------------------------
     0 | D:1      | squill the Hill Orc Conjurer began the quest for the Orb.
     0 | D:1      | Reached XP level 1. HP: 14/14 MP: 3/3
   191 | D:1      | Reached XP level 2. HP: 22/22 MP: 1/4
   236 | D:1      | Learned a level 2 spell: Searing Ray
   350 | D:1      | Found a faded altar of an unknown god.
   365 | D:1      | Became a worshipper of Gozag Ym Sagoz the Greedy
   447 | D:1      | Reached skill level 1 in Fighting
   511 | D:1      | Reached skill level 1 in Armour
   643 | D:1      | Reached XP level 3. HP: 28/28 MP: 0/5
  1442 | D:2      | Found Cydwyc's Antique Armour Shoppe.
  1839 | D:2      | Bought a distressingly furry leather armour for 203 gold
                  | pieces
  1839 | D:2      | Identified the +1 leather armour of the Poles {+Inv rF+
                  | Str+5} (You bought it in a shop on level 2 of the Dungeon)
  2010 | D:3      | Reached XP level 4. HP: 35/36 MP: 5/7
  2137 | D:3      | Learned a level 3 spell: Dazzling Flash
  2197 | D:3      | Noticed Jessica
  2220 | D:3      | Killed Jessica
  2398 | D:3      | Reached XP level 5. HP: 31/42 MP: 0/8
  2449 | D:3      | Reached skill level 1 in Hexes
  2874 | D:4      | Noticed Eustachio
  2890 | D:4      | Found Qozxud's Assorted Antiques.
  2929 | D:4      | Noticed a phantom
  2945 | D:4      | You fall into a shaft and drop 3 floors!
  2945 | D:7      | Found a hide-covered altar of Uskayaw.
  2986 | D:6      | Noticed a two-headed ogre
  3000 | D:5      | Entered Level 5 of the Dungeon
  3062 | D:4      | Found a sand-covered staircase.
  3070 | Ossuary  | Entered an ossuary
  3090 | Ossuary  | Reached XP level 6. HP: 42/51 MP: 7/9
  3134 | Ossuary  | Reached skill level 1 in Axes
  3136 | Ossuary  | Reached skill level 5 in Conjurations
  3725 | D:4      | Identified 2 scrolls of acquirement
  3725 | D:4      | Acquired 450 gold pieces
  3730 | D:4      | Reached skill level 2 in Axes
  3730 | D:4      | Reached XP level 7. HP: 49/57 MP: 5/11
  3746 | D:4      | Noticed Grinder
  3767 | D:4      | Paralysed by Grinder for 6 turns
  3774 | D:4      | Killed Grinder
  3908 | D:4      | Reached skill level 3 in Axes
  3936 | D:5      | Found a staircase to the Ecumenical Temple.
  4064 | D:4      | Killed Eustachio
  4065 | D:4      | Reached XP level 8. HP: 58/66 MP: 3/12
  4160 | D:4      | Noticed Natasha
  4172 | D:4      | Killed Natasha
  4272 | D:2      | Bought a glowing helmet for 217 gold pieces
  4272 | D:2      | Bought a jasper-encrusted ring mail for 261 gold pieces
  4272 | D:2      | Identified the +7 ring mail of Hysteria {Harm Rampage rC+
                  | Stlth+} (You bought it in a shop on level 2 of the Dungeon)
  4376 | D:4      | Noticed Natasha
  4379 | D:4      | Killed Natasha
  4410 | D:4      | Bought a viscous golden potion for 27 gold pieces
  4410 | D:4      | Bought a copper ring for 155 gold pieces
  4410 | D:4      | Bought a sapphire potion for 27 gold pieces
  4410 | D:4      | Bought a wand of iceblast (7) for 124 gold pieces
  4412 | D:4      | Acquired a +2 pair of boots of flying
  4500 | D:4      | Found a runed translucent gate.
  4500 | D:4      | Found a runed translucent gate.
  4500 | D:4      | Found a runed translucent gate.
  4500 | D:4      | Noticed ticklebelly's ghost (novice MiBe)
  4535 | D:4      | Noticed Natasha
  4614 | D:4      | Killed Natasha
  4731 | D:4      | Reached skill level 6 in Axes
  4731 | D:4      | Reached skill level 5 in Armour
  4731 | D:4      | Reached skill level 5 in Hexes
  4731 | D:4      | Reached XP level 9. HP: 78/78 MP: 12/15
  4758 | D:4      | Learned a level 4 spell: Fulminant Prism
  4999 | D:4      | Killed ticklebelly's ghost
  5680 | D:5      | Reached skill level 7 in Axes
  5851 | D:5      | Found a white marble altar of Elyvilon.
  5860 | D:5      | Found a sacrificial altar of Ru.
  6276 | D:5      | Found a blossoming altar of Fedhas.
  6344 | D:6      | Killed a two-headed ogre
  6345 | D:6      | Reached skill level 5 in Spellcasting
  6345 | D:6      | Reached XP level 10. HP: 84/86 MP: 0/17
  6945 | D:6      | Found Kobe's Book Shop.
  6953 | D:6      | Bought a book of Party Tricks for 360 gold pieces
  6975 | D:6      | Noticed Duvessa
  6976 | D:6      | Noticed Dowan
  6979 | D:6      | Killed Duvessa
  7019 | D:6      | Killed Dowan
  7278 | D:7      | Noticed a brown ugly thing
  7298 | D:7      | Killed a brown ugly thing
  7387 | D:7      | Noticed a cyclops
  7418 | D:7      | Reached skill level 8 in Axes
  7660 | D:7      | Killed a cyclops
  8470 | D:8      | Noticed an oklob plant
  8470 | D:8      | Noticed an oklob plant
  8470 | D:8      | Paralysed by a floating eye for 3 turns
  8474 | D:8      | Paralysed by a floating eye for 2 turns
  8584 | D:8      | Reached XP level 11. HP: 58/94 MP: 5/19
  8723 | D:8      | Noticed an oklob plant
  8723 | D:8      | Noticed an oklob plant
  9193 | D:8      | Found a staircase to the Lair.
  9319 | D:8      | Noticed Harold
  9340 | D:8      | Killed Harold
  9571 | D:8      | Identified the +2 robe "Cisi" {Harm Str-3 Dex+8}
  9965 | D:8      | Killed an oklob plant
 10556 | D:8      | Killed an oklob plant
 10557 | D:8      | Reached skill level 9 in Axes
 11170 | D:8      | Killed an oklob plant
 11313 | D:8      | Killed an oklob plant
 11868 | D:9      | Found a staircase to the Orcish Mines.
 11890 | D:9      | Learned a level 4 spell: Sticky Flame
 11967 | D:9      | Noticed a two-headed ogre
 11978 | D:9      | Killed a two-headed ogre
 11979 | D:9      | Reached skill level 1 in Fire Magic
 12265 | D:9      | Learned a level 4 spell: Iskenderun's Mystic Blast
 12287 | D:9      | Found a broken altar of Ashenzari.
 12357 | D:9      | Noticed a cyclops
 12357 | D:9      | Noticed a five-headed hydra
 12357 | D:9      | Noticed a manticore
 12357 | D:9      | Noticed a cyclops
 12358 | D:9      | Noticed a purple ugly thing
 12358 | D:9      | Found the +7 great mace "Firestarter" {inner flame, rF++}
 12747 | D:10     | Entered Level 10 of the Dungeon
 13085 | D:10     | Noticed a two-headed ogre
 13095 | D:10     | Killed a two-headed ogre
 13096 | D:10     | Reached skill level 5 in Dodging
 13180 | D:10     | Noticed a two-headed ogre
 13192 | D:10     | Killed a two-headed ogre
 13193 | D:10     | Reached XP level 12. HP: 104/104 MP: 9/21
 13392 | D:10     | Reached skill level 1 in Translocations
 15025 | D:12     | Noticed a two-headed ogre
 15034 | D:12     | Killed a two-headed ogre
 15148 | Orc:1    | Entered Level 1 of the Orcish Mines
 15402 | Orc:1    | Noticed a soul eater
 15467 | Orc:1    | Found a roughly hewn altar of Beogh.
 15741 | Orc:1    | Found Cugo's Antique Weapon Boutique.
 15957 | Orc:2    | Entered Level 2 of the Orcish Mines
 16048 | Orc:2    | Found a roughly hewn altar of Beogh.
 16164 | Orc:2    | Found a shimmering blue altar of Sif Muna.
 16363 | Orc:2    | Found a staircase to the Elven Halls.
 16533 | Orc:2    | Found a roughly hewn altar of Beogh.
 16573 | Orc:2    | Reached skill level 10 in Axes
 16583 | Orc:2    | Noticed Saint Roka
 16623 | Orc:2    | Found a roughly hewn altar of Beogh.
 17214 | Orc:2    | Found a roughly hewn altar of Beogh.
 17219 | Orc:2    | Reached skill level 5 in Fire Magic
 17319 | Orc:2    | Found Ojoodeza's Antique Armour Emporium.
 17319 | Orc:2    | Found a roughly hewn altar of Beogh.
 17322 | Orc:2    | Found Jiodghed's Antique Weapon Shoppe.
 17334 | Orc:2    | Bought a glowing broad axe for 273 gold pieces
 17340 | Orc:2    | Bought an encrusted cloak for 256 gold pieces
 17340 | Orc:2    | Identified the +0 cloak of Vodiozel {Rampage rC+ Stlth-}
                  | (You bought it in a shop on level 2 of the Orcish Mines)
 17340 | Orc:2    | Bought a pitted ring mail for 243 gold pieces
 17340 | Orc:2    | Identified the +0 ring mail of the Jackalope {Int+2} (You
                  | bought it in a shop on level 2 of the Orcish Mines)
 17455 | Orc:2    | Found a roughly hewn altar of Beogh.
 17784 | Orc:2    | Found Sesosur's Antique Weapon Boutique.
 18318 | D:12     | Noticed a boulder beetle
 18825 | D:12     | Killed a boulder beetle
 18998 | D:12     | Noticed a centaur warrior
 19013 | D:12     | Killed a centaur warrior
 19014 | D:12     | Reached skill level 10 in Fighting
 19146 | D:12     | Reached XP level 13. HP: 113/113 MP: 13/22
 19953 | D:12     | Bought a potion of heal wounds for 160 gold pieces
 19953 | D:12     | Bought a smoking chain mail for 304 gold pieces
 19953 | D:12     | Identified the +2 chain mail "Usawniorgh" {rF+ rC+ Int+3
                  | Stlth+} (You bought it in a shop on level 12 of the
                  | Dungeon)
 19973 | D:12     | Bought a masterwork plate armour for 896 gold pieces
 19973 | D:12     | Identified the +9 plate armour of Stained Beauty {*Corrode
                  | Str+5 Dex+2 Slay+3} (You bought it in a shop on level 12 of
                  | the Dungeon)
 19973 | D:12     | Noticed a fire dragon
 19975 | D:12     | Identified the +10 great sword of the Realm of Zot {freeze,
                  | Fly rElec}
 19975 | D:12     | Identified the ring "Xucruw" {rC+ rCorr Str-5 Int+2 SInv}
 21953 | D:13     | Reached skill level 11 in Axes
 22910 | D:12     | Killed a fire dragon
 23306 | D:12     | Reached skill level 10 in Conjurations
 23391 | D:12     | Bought a fizzy golden potion for 28 gold pieces
 23410 | D:12     | Reached XP level 14. HP: 100/122 MP: 16/24
 23495 | D:12     | Got Omitynti's Further Progress in Wizardry
 23838 | Lair:1   | Entered Level 1 of the Lair of Beasts
 23949 | Lair:1   | Noticed Urug
 24020 | Lair:1   | Killed Urug
 24619 | Lair:1   | Acquired a +1 executioner's axe of venom
 25217 | Lair:2   | Noticed Maggie
 25227 | Lair:2   | Killed Maggie
 25427 | Lair:2   | Noticed Gastronok
 25440 | Lair:2   | Killed Gastronok
 25571 | Lair:2   | Found a hole to the Spider Nest.
 27250 | Lair:3   | Found a staircase to the Swamp.
 27375 | Lair:3   | Reached skill level 12 in Axes
 28217 | Lair:4   | Reached skill level 5 in Stealth
 28657 | Lair:3   | Reached XP level 15. HP: 46/130 MP: 11/26
 28933 | Lair:3   | Learned a level 6 spell: Starburst
 28952 | Lair:4   | Reached skill level 5 in Evocations
 29490 | Lair:4   | Noticed shadowrider38's ghost (journeyman TrHu)
 29796 | Lair:4   | Acquired the ring "Toapaac" {Fly MP+9 Str+3 Dex+5}
 29823 | Lair:4   | Found a runed translucent gate.
 29853 | Lair:4   | Found a runed translucent gate.
 29854 | Lair:4   | Found a runed translucent gate.
 30788 | Lair:4   | Reached skill level 5 in Translocations
 30819 | Lair:4   | Killed shadowrider38's ghost
 31846 | Lair:4   | Bought a +1 helmet of intelligence for 214 gold pieces
 31858 | Lair:4   | Bought the +5 ring mail of Beauty {Drain +Blink rElec rC+}
                  | for 668 gold pieces
 31982 | Lair:4   | Reached skill level 13 in Axes
 32520 | Lair:5   | Found a staircase to the Slime Pits.
 32646 | Lair:5   | Found a blossoming altar of Fedhas.
 32829 | Lair:6   | Entered Level 6 of the Lair of Beasts
 34784 | Lair:6   | Reached XP level 16. HP: 139/139 MP: 28/28
 34860 | Lair:6   | Found a transporter.
 34870 | Lair:6   | Noticed Ronioze's ghost (journeyman MiBe)
 35045 | Lair:6   | Found a transporter.
 35351 | Lair:6   | Killed Ronioze's ghost
 36222 | Orc:2    | Demolished by Saint Roka

Illustrated notes

Levels and vault maps discovered:
D:1:      wander_arrival_chamber, layout_basic,
          shapermc_ecumenical_altar_pompeii
D:2:      layout_basic, serial_shops, nicolae_square_shop
D:3:      layout_basic, uniq_jessica
D:4:      layout_rooms, gammafunk_ghost_necromancy, serial_shops, shop,
          chequers_ossuary_entry_cave, uniq_eustachio, uniq_natasha,
          uniq_grinder
D:5:      layout_cave_pods, fedhas_altar_4, mainiacjoe_overflow_swirl,
          minmay_temple_entry_tees, minmay_curled_crystal
D:6:      layout_cave_pools, serial_shops, nicolae_shop_trees, uniq_duvessa
D:7:      layout_basic, mainiacjoe_overflow_catwalk, nrook_mini_vaults,
          kb_rosetta
D:8:      layout_loops_ring, david_lair_generic, minivault_10, disabler_island,
          uniq_harold
D:9:      layout_rooms, ashenzari_conservatory_becter, orc_0_dummy,
          minmay_misc_feat_ornament, serial_bayou_lagoon_a, minivault_12
D:10:     layout_cave_pods
D:11:     layout_roguey
D:12:     minmay_the_grid_octo_tiled_squarecenter_mashed
          [minmay_the_grid_octo_horde, minmay_the_grid_octo_empty,
          minmay_the_grid_octo_tetromino_candy, minmay_the_grid_octo_fan_narrow,
          minmay_the_grid_square_5x5_megaprize_crossed,
          minmay_the_grid_square_5x5_gyroscope,
          minmay_the_grid_square_5x5_minivault,
          minmay_the_grid_square_5x5_sharp_hourglass,
          minmay_the_grid_square_5x5_n], layout_basic, minmay_diced_spiral
D:13:     minmay_box_of_statues, layout_rooms, minmay_hedge_maze, uniq_snorg
Lair:1:   layout_regular_city, serial_rivers, chequers_serial_rivers_small_3,
          chequers_serial_rivers_marsh, chequers_serial_rivers_large_a,
          chequers_serial_rivers_micro_c, chequers_serial_rivers_micro_a,
          lemuel_old_faithful, uniq_urug
Lair:2:   layout_chaotic_city, dummy_spider_entry, uniq_gastronok, uniq_maggie
Lair:3:   layout_loops_ring, skrybe_swamp_entry_bodies,
          nicolae_quartered_pool_medium, lemuel_fruit_tree
Lair:4:   layout_cave_pods, gammafunk_ghost_icy, beast_lair_carwin_10
Lair:5:   layout_hall_layers, minmay_slime_entry_jelly_boxes,
          hangedman_tree_tricks
Lair:6:   minmay_lair_end_frog_pond, layout_cave_pods, gammafunk_ghost_arena
Orc:1:    layout_caves, basic_altar, serial_shops, nicolae_lakefront_shop
Orc:2:    grunt_orc_community_town_hall, layout_caves,
          grunt_orc_community_big_house_2, grunt_orc_community_big_house_2,
          grunt_orc_community_house_1, grunt_orc_community_house_3,
          grunt_orc_community_house_1, grunt_orc_community_house_3,
          grunt_orc_community_house_3, grunt_orc_community_house_3,
          lightli_volcano_entry_magma_tube, kennysheep_orc_sif_temple

Skill      XL: |  1  2  3  4  5  6  7  8  9 10 11 12 13 14 15 |
---------------+----------------------------------------------+-----
Fighting       | 1 2 3 4 6 7 8 9 10 11 12 | 12.1
Armour         | 1 2 5 6 7 8 9 |  9.6
Spellcasting   | 2 3 4 5 6 7 8 |  8.2
Hexes          | 1 2 3 5 6 7 |  7.4
Axes           | 2 3 6 7 8 9 10 11 12 13 | 13.9
Conjurations   | 5 7 8 9 10 11 | 11.1
Dodging        | 2 4 5 6 7 |  7.1
Stealth        | 4 5 6 |  6.0
Evocations     | 3 4 6 |  6.0
Fire Magic     | 2 5 7 8 9 |  9.7
Translocations | 2 3 4 5 |  5.5

Action                   |  1- 3 |  4- 6 |  7- 9 | 10-12 | 13-15 | 16-18 || total
-------------------------+-------+-------+-------+-------+-------+-------++-------
Melee: Dagger            |    36 |    22 |       |       |       |       ||    58
       War axe           |       |    34 |    49 |    58 |       |       ||   141
       Broad axe         |       |       |       |   249 |   118 |       ||   367
       Executioner's axe |       |       |       |       |   416 |    35 ||   451
 Cast: Magic Dart        |    65 |    61 |    61 |   152 |   223 |       ||   562
       Searing Ray       |       |    10 |    13 |    79 |    78 |     4 ||   184
       Fulminant Prism   |       |       |     5 |    59 |    72 |     2 ||   138
       Dazzling Flash    |       |       |     1 |    17 |    10 |       ||    28
       Sticky Flame      |       |       |       |     9 |    52 |     1 ||    62
       Iskenderun's Myst |       |       |       |       |    14 |     6 ||    20
       Starburst         |       |       |       |       |     4 |     1 ||     5
Invok: Call Merchant     |       |       |       |       |     2 |       ||     2
Evoke: Wand              |       |       |       |     7 |    18 |     4 ||    29
  Use: Scroll            |       |    12 |     9 |     7 |    18 |       ||    46
       Potion            |       |     4 |     2 |     9 |     1 |     6 ||    22
 Stab: Distracted        |     1 |       |       |     1 |     3 |       ||     5
       Sleeping          |     2 |       |     2 |       |     1 |       ||     5
       Invisible         |       |       |       |    14 |     2 |       ||    16
Armor: Robe              |     5 |       |       |       |       |       ||     5
       Leather armour    |       |    44 |     2 |       |       |       ||    46
       Ring mail         |       |       |    49 |   384 |   432 |    19 ||   884
       Skin              |       |       |       |       |       |    15 ||    15
Dodge: Dodged            |    14 |    83 |    50 |   280 |   560 |    27 ||  1014
